 Dungeon Crawl Stone Soup version 0.16-a0-2038-g968ce0a (webtiles) character file.

95 wvc the Cudgeler (level 4, -1/35 HPs)
             Began as a Mummy Fighter on Nov 10, 2014.
             Slain by Purgy (6 damage)
             ... on level 3 of the Dungeon.
             The game lasted 00:03:48 (2191 turns).

wvc the Cudgeler (Mummy Fighter)                    Turns: 2191, Time: 00:03:48

Health: -1/35      AC:  6    Str: 20    XL:     4   Next: 39%
Magic:  4/4        EV:  6    Int:  7    God:
Gold:   106        SH:  8    Dex: 11    Spells: 0 memorised, 3 levels left

rFire  x . .     SeeInvis .     a - +0 flail
rCold  + . .     Clarity  .     b - +0 scale mail
rNeg   + + +     SustAb   .     c - +0 shield
rPois  +         Gourm    .     (no helmet)
rElec  .         Spirit   .     (no cloak)
rCorr  .         Warding  .     (no gloves)
rMut   .         Stasis   .     (no boots)
MR     .....                    (no amulet)
Stlth  ..........               (no ring)
                                (no ring)

@: not resistant to hostile enchantments, extremely unstealthy
A: no food or potions, fire vulnerability, restore body, cold resistance 1,
negative energy resistance 3, poison resistance, torment resistance, unbreathing
a: no special abilities


You were on level 3 of the Dungeon.
You were not hungry.

You visited 1 branch of the dungeon, and saw 3 of its levels.

You collected 106 gold pieces.

Inventory:

Hand weapons
 a - a +0 flail (weapon)
Missiles
 h - 6 tomahawks (quivered)
Armour
 b - a +0 scale mail (worn)
 c - a +0 shield (worn)
Magical devices
 l - a wand of frost (0)
Scrolls
 d - 2 scrolls of identify
 f - a scroll of magic mapping
 g - 2 scrolls of blinking {unknown}
 i - a scroll of recharging {unknown}
 j - a scroll of noise {unknown}
 k - 2 scrolls of remove curse {unknown}


   Skills:
 - Level 3.0 Fighting
 * Level 3.9 Maces & Flails
 - Level 2.4 Armour
 - Level 2.4 Shields


You had 3 spell levels left.
You didn't know any spells.

Dungeon Overview and Level Annotations

Branches:
Dungeon (3/15)

Altars:
Nemelex Xobeh

Annotations:
D:3 Purgy


Innate Abilities, Weirdness & Mutations

You do not eat or drink.
Your flesh is vulnerable to fire.
Your flesh is cold resistant.
You are immune to negative energy.
Your system is resistant to poisons.
You are immune to unholy pain and torment.
You can survive without breathing.


Message History

You block Purgy's attack. Purgy claws you but does no damage.
You block Purgy's attack.
You see here a rat corpse.
Read which item? (? for menu, Esc to quit)
As you read the scroll labeled XECWUR INO, it crumbles to dust.
The scroll dissolves into smoke.
It was a scroll of fog.
Purgy bites you!
* * * LOW HITPOINT WARNING * * *
Purgy closely misses you. Purgy claws you but does no damage.
Read which item? (? for menu, Esc to quit)
As you read the scroll labeled BISIOQA MUTIJ, it crumbles to dust.
You feel aware of your surroundings.
You sensed 2 altars.
It was a scroll of magic mapping.
Purgy bites you.
* * * LOW HITPOINT WARNING * * *
You block Purgy's attack. Purgy claws you.
* * * LOW HITPOINT WARNING * * *
Purgy clenches his claws.
You see here a giant newt corpse.
There is a stone staircase leading up here.
Purgy bites you.
You die...

* *,* #.#,*#*,** * *,* #.#,,....,
* *,* #.#**(.... *********,* #.#
*..... ,,,,,,,,*,**** #.# *.....
*******,*,,,,* #.# *..$.. *
*,****,* #.###..... * *,*
#!###########r........ ** *,*
#....@TSr§§§§###......
,******,***#..#########§#*#.####.
,**,,,,,,...,,* ***#.#,>..,,,,
_,,,***,*#**,** *,,..#.#.##***
,*,,* *,* *,* *,####.#.# ,,,,*
*,* *,* *,* #,#.# ,,,,***,*
**,***** *,* *,#.#
,,,,,,,,***,*,,,,* *,* *,#.#****
,,,,***,**,***,*,***,****,#..,,,,


You could see Purgy, an adder and a rat.

Vanquished Creatures
  Jessica (D:2)
  3 adders
  A worm (D:2)
  4 giant geckos
  An ooze (D:2)
  3 bats
  5 goblins
  7 hobgoblins
  A quokka (D:2)
  6 giant cockroaches
  2 giant newts
  4 kobolds (D:1)
  5 rats
43 creatures vanquished.

Notes
Turn   | Place    | Note
--------------------------------------------------------------
     0 | D:1      | wvc, the Mummy Fighter, began the quest for the Orb.
     0 | D:1      | Reached XP level 1. HP: 18/18 MP: 1/1
   366 | D:1      | Reached XP level 2. HP: 16/24 MP: 2/2
  1438 | D:2      | Reached XP level 3. HP: 29/29 MP: 3/3
  1645 | D:2      | Found a sparkling altar of Nemelex Xobeh.
  1645 | D:2      | Noticed Jessica
  1651 | D:2      | Killed Jessica
  1822 | D:2      | Reached XP level 4. HP: 35/35 MP: 4/4
  2165 | D:3      | Noticed Purgy
  2191 | D:3      | Slain by Purgy

Action                   |  1- 3 |  4- 6 || total
-------------------------+-------+-------++-------
Melee: Flail             |   146 |    43 ||   189
Evoke: Wand              |       |     5 ||     5
  Use: Scroll            |       |     3 ||     3
